 Dungeon Crawl Stone Soup version 0.22-a0-78-g0f8607c (webtiles) character file.

223 KristoblXynda the Slasher (level 5, -3/41 HPs)
             Began as a Draconian Gladiator on Jan 15, 2018.
             Killed from afar by an orc wizard (4 damage)
             ... with a magic dart
             ... on level 3 of the Dungeon.
             The game lasted 00:03:12 (1892 turns).

KristoblXynda the Slasher (Draconian Gladiator)     Turns: 1892, Time: 00:03:13

Health: -3/41      AC:  6    Str: 16    XL:     5   Next: 66%
Magic:  5/5        EV: 19    Int: 10    God:
Gold:   125        SH:  0    Dex: 17    Spells: 4/4 levels left

rFire    . . .     SeeInvis .   a - +0 long sword
rCold    . . .     Gourm    .   (no shield)
rNeg     + . .     Faith    .   (armour unavailable)
rPois    .         Spirit   .   b - +0 hat
rElec    .         Reflect  .   (no cloak)
rCorr    .         Harm     .   (no gloves)
MR       .....                  n - +0 pair of boots
Stlth    ++++......             (no amulet)
HPRegen  0.13/turn              h - ring of positive energy
MPRegen  0.09/turn              p - ring of stealth

@: agile, flying, slowed, very slow
A: unfitting armour, cold-blooded, AC +5
a: no special abilities


You were on level 3 of the Dungeon.
You were not hungry.

You visited 1 branch of the dungeon, and saw 3 of its levels.

You collected 125 gold pieces.

Inventory:

Hand Weapons
 a - a +0 long sword (weapon)
Missiles
 c - 4 throwing nets (quivered)
Armour
 b - a +0 hat (worn)
 n - a +0 pair of boots (worn)
Jewellery
 h - a ring of positive energy (left hand)
 p - a ring of stealth (right hand)
Wands
 m - a wand of polymorph (12)
Scrolls
 e - a scroll of immolation {unknown}
 f - 2 scrolls of teleportation
 g - a scroll of remove curse {unknown}
 j - a scroll of identify {unknown}
 o - a scroll of enchant weapon {unknown}
Potions
 i - a potion of flight
 k - a potion of curing {unknown}
 l - a potion of haste {unknown}
 q - a potion of lignification {unknown}
Comestibles
 d - 4 rations


   Skills:
 - Level 2.1 Fighting
 + Level 4.4 Long Blades
 - Level 3.4 Throwing
 + Level 4.0 Dodging
 + Level 0.0 Evocations


You had 4 spell levels left.
You didn't know any spells.

Dungeon Overview and Level Annotations

Branches:
Dungeon (3/15)

Altars:
Wu Jian

Annotations:
D:3 Grinder


Innate Abilities, Weirdness & Mutations

Your plain brown scales are hard. (AC +5)
You cannot fit into any form of body armour.
You are cold-blooded and may be slowed by cold attacks.


Message History

The orc priest invokes the aid of Beogh against you.
Beogh smites you!
* * * LOW HITPOINT WARNING * * *
The orc wizard gestures at you while chanting.
You feel yourself slow down.
It was a potion of flight.
You feel very buoyant.
You fly up into the air.
The orc wizard hits you but does no damage.
The orc wizard mumbles some strange words.
The orc wizard blinks!
It was a potion of agility.
You feel agile all of a sudden.
The orc wizard is no longer moving quickly.
The orc closely misses you.
The orc wizard hits you but does no damage.
The orc closely misses you.
The orc wizard points at you and mumbles some strange words.
The magic dart hits you!
You die...

.................#.
#.#####.###.##.....
.........##.#....#.
#.......###.###..#
.##......#.##.##.#... .#
.##########.....##.## .#
... ##...###.# ##.###
#....o##.####....#
#.##.##@#...o#...##.....
..# #.###oo##.#.........
##+ #.# #####'#..###...
#.###..............
#...........###...
#...........# .#
#...........###.#####
#....######...o......
... #####o.....


You could see an orc priest, an orc wizard and an orc.

Vanquished Creatures
  3 orc priests
  Terence (D:2)
  Jessica (D:3)
  A gnoll (D:1)
  2 adders
  2 oozes
  A worm (D:2)
  2 dart slugs
  A leopard gecko (D:1)
  4 orcs
  3 bats (D:1)
  2 giant cockroaches (D:1)
  6 goblins
  2 hobgoblins (D:1)
  A ball python (D:1)
  3 frilled lizards
  3 kobolds
  5 rats
43 creatures vanquished.

Notes
Turn   | Place    | Note
-------+----------+-------------------------------------------
     0 | D:1      | KristoblXynda the Draconian Gladiator began the quest for the Orb.
     0 | D:1      | Reached XP level 1. HP: 17/17 MP: 1/1
   195 | D:1      | Reached XP level 2. HP: 24/24 MP: 2/2
   336 | D:1      | Reached XP level 3. HP: 24/29 MP: 3/3
   807 | D:2      | Found an ornate altar of the Wu Jian Council.
  1112 | D:2      | Noticed Terence
  1121 | D:2      | Killed Terence
  1121 | D:2      | Reached XP level 4. HP: 36/36 MP: 4/4
  1497 | D:2      | Reached XP level 5. HP: 28/41 MP: 5/5
  1801 | D:3      | Noticed Grinder
  1808 | D:3      | Paralysed by Grinder for 3 turns
  1818 | D:3      | Noticed Jessica
  1833 | D:3      | Killed Jessica
  1890 | D:3      | HP: 1/41 [orc priest/divine providence (15)]
  1892 | D:3      | Killed from afar by an orc wizard

Vault maps used:
D:1:      matt_arrival_diagonals
D:2:      nicolae_overflow_crystal_walls, uniq_terence
D:3:      hex_intersection, uniq_grinder, uniq_jessica

Skill      XL: |  1  2  3  4  5 |
---------------+----------------+-----
Throwing       | 2 3 |  3.4
Dodging        | 3 4 |  4.0
Long Blades    | 4 |  4.4
Fighting       | |  2.1

Action                   |  1- 3 |  4- 6 || total
-------------------------+-------+-------++-------
Melee: Long sword        |    78 |    36 ||   114
       Tailslap          |    10 |     6 ||    16
  Use: Potion            |       |     2 ||     2
       Scroll            |       |     1 ||     1
 Stab: Sleeping          |     2 |     1 ||     3
  Eat: Chunk             |       |     3 ||     3
Armor: Skin              |    22 |     9 ||    31
Dodge: Dodged            |    53 |    30 ||    83
       Rpst.: Long sword |    15 |     5 ||    20

Table legend:
 A = Spawn XP
 B = Non-spawn XP
 C = Spawn XP percentage of total XP
 D = Spawn monster count
 E = Non-spawn monster count
 F = Spawn count percentage of total count
 G = Total turns spent on level
                    A         B        C        D         E        F      G
               +---------+---------+-------+---------+---------+-------+---------
         Total |       0 |     319 |   0.0 |       0 |      43 |   0.0 |  1892
               +---------+---------+-------+---------+---------+-------+---------
           D:1 |       0 |      55 |   0.0 |       0 |      22 |   0.0 |   665
           D:2 |       0 |     167 |   0.0 |       0 |      16 |   0.0 |   883
           D:3 |       0 |      97 |   0.0 |       0 |       5 |   0.0 |   344
               +---------+---------+-------+---------+---------+-------+---------
